woodfighter, chaotic female orcish Cavewoman --- -------- |.+ |......| |.| |......| |.----+----- ----+--+----- | |......-###@######....@G..........................| |...%..| |.-+-----+-- --+----+-- | |......| |.| |....>.| |.| -------- |.- |. |.- |.| |.+ |.| |.- |. --- woodfighter the Young Cave Woman Experience level: 6 Strength: 18/03 Dexterity: 15 Constitution: 17 Intelligence: 8 Wisdom: 7 Charisma: 7 Health: 0(59) Energy: 19(19) Def: 2 Gold: 158 Moves: 2180 Dungeon seed: UMnNBq6NQnEL5-bA Game ID: woodfighter_1476519056 Your Inventory: Coins $ - 158 gold pieces Weapons a - a +1 club (alternate weapon; not wielded) b - a +2 sling (weapon in hand) Armor c - an uncursed +0 dwarvish cloak g - an uncursed +1 dwarvish mithril-coat n - an uncursed +0 dwarvish cloak q - an uncursed +0 leather armor (being worn) r - an uncursed +0 pair of iron shoes s - an uncursed +0 dwarvish iron helm t - an uncursed +0 pair of elven boots u - a blessed +1 dwarvish cloak z - an uncursed +0 dwarvish cloak I - an uncursed +0 dwarvish cloak N - a cursed -2 pair of iron shoes T - an uncursed +1 dwarvish cloak V - a cursed +0 dwarvish cloak X - an uncursed +0 dwarvish cloak Y - an uncursed +0 dwarvish cloak Z - an uncursed +0 dwarvish mithril-coat Comestibles d - an uncursed food ration f - an uncursed cream pie Scrolls h - an uncursed scroll of water i - an uncursed scroll of scare monster k - an uncursed scroll of remove curse x - an uncursed scroll of fire J - a blessed scroll of identify M - a blessed scroll of blank paper S - an uncursed scroll of identify W - an uncursed scroll of enchant armor Potions F - an uncursed potion of gain energy Q - a cursed potion of object detection Wands v - a wand of cold (0:5) w - a wand of digging (0:8) B - a wand of striking (0:5) Tools j - a blessed wax candle (0:400) l - 7 uncursed tallow candles (0:200) m - a +0 pick-axe o - a bag of tricks (0:13) p - 3 uncursed wax candles (0:400) y - an uncursed skeleton key G - an uncursed credit card U - an uncursed blindfold Gems e - 8 uncursed flints (in quiver) Spells and supernatural/magical abilities: Name Level Category Fail Memory W - pray for help -- divine ? -- Your skills at the end: Miscellaneous Skills bare handed combat [Basic] Weapon Skills scimitar [Basic] club [Basic] sling [Basic] Spellcasting Skills Final Attributes: You were piously aligned. You were poison resistant. You were telepathic. You had infravision. You were lucky. You are dead. Vanquished creatures: a dwarf lord a wood nymph a shrieker 5 gnome lords 2 gnomish wizards a floating eye 8 dwarves an iguana 4 hobbits an acid blob a gecko 3 giant rats 2 brown molds a red mold 39 gnomes 2 newts a sewer rat 6 grid bugs 2 lichens a kobold zombie 83 creatures vanquished. Voluntary challenges: You did not adorn yourself with jewelry or accessories. You did not cause conflict. You were not invisible. You did not have reflection. You were not displaced. You used a wielded weapon 119 times, starting on turn 40. You did not use containers. You did not apply a unicorn horn. You did not use plumbed fixtures. You did not drink any magical draughts. You were illiterate. You never genocided any monsters. You never polymorphed an object. You never changed form. You used no wishes. You never split a pudding. You never wrote Elbereth's name. You never violated your personal moral code. Dungeon overview: The Dungeons of Doom: levels 1 to 3 Level 1 an altar to Anshar, a fountain a long staircase Level 2 (water) some fountains, a sink stairs to The Gnomish Mines Level 3 The Gnomish Mines: levels 3 to 8 Level 3 stairs to The Dungeons of Doom Level 4 Level 5 Level 6 <- You were here Level 7 Level 8 History has recorded: On T:1 you entered the Dungeons of Doom to retrieve the Amulet of Yendor! On T:326 you reached level 2 of The Dungeons of Doom. On T:483 you reached level 1 of The Gnomish Mines. On T:510 you reached level 3 of The Dungeons of Doom. On T:687 you advanced to experience level 2. On T:695 you advanced to experience level 3. On T:768 you advanced to experience level 4. On T:1031 you advanced to experience level 5. On T:1057 you reached level 2 of The Gnomish Mines. On T:1218 you reached level 3 of The Gnomish Mines. On T:1614 you advanced to experience level 6. On T:1801 you reached level 6 of The Gnomish Mines. On T:1947 you reached level 5 of The Gnomish Mines. On T:1991 you prayed to Anshar. On T:2138 you reached level 4 of The Gnomish Mines. Score breakdown: Gold: 158 ( 15 points) Experience: 6 levels ( 500 points) Exploration: 8 levels ( 210 points) Discoveries: 22 items ( 1100 points) Variety of kills: 20 monsters ( 1000 points) Major goal: (nothing yet) ( 0 points) Survival: died (score multiplied by 3) Total score: 8475 Latest messages: You have a little trouble lifting A - a whistle. You produce a high whistling sound. You drop a tin whistle. You hit the gnome. The gnome wields a thonged club! You kill the gnome! The gnome zaps a jeweled wand! The wand hits you. There are a few objects here. The gnome zaps a wand of striking! The wand hits you! You kill the gnome! You have a little trouble lifting B - a wand of striking. The gnome king punches you! You are beginning to feel hungry. You hit the gnome king. The gnome king punches you! (2x) You hit the gnome king. The gnome king punches you! You hit the gnome king. You hit the gnome king! The gnome king punches you! (2x) You hit the gnome king. The gnome king punches you! You die... Final status: Goodbye woodfighter the Cavewoman, killed by a gnome king... You died in The Gnomish Mines on dungeon level 6 with 8475 points, and 158 pieces of gold, after 2180 moves. You were level 6 with a maximum of 59 hit points when you died.